 Dungeon Crawl Stone Soup version 0.22-a0-479-gc6e99f3 (webtiles) character file.

67 saradell the Slasher (level 4, -1/35 HPs)
             Began as a Human Berserker on June 14, 2018.
             Was a Follower of Trog.
             Slain by Natasha (5 damage)
             ... on level 2 of the Dungeon.
             The game lasted 00:17:34 (2058 turns).

saradell the Slasher (Human Berserker)              Turns: 2058, Time: 00:17:35

Health: -1/35      AC:  5    Str: 18    XL:     4   Next: 38%
Magic:  4/4        EV: 12    Int:  7    God:    Trog [*.....]
Gold:   78         SH:  0    Dex: 13    Spells: 3/3 levels left

rFire    . . .     SeeInvis .   a - +1 falchion
rCold    . . .     Gourm    .   (no shield)
rNeg     . . .     Faith    .   b - +1 animal skin
rPois    .         Spirit   .   (no helmet)
rElec    .         Reflect  .   (no cloak)
rCorr    .         Harm     .   (no gloves)
MR       .....                  (no boots)
Stlth    ++........             (no amulet)
HPRegen  0.11/turn              e - +2 ring of protection
MPRegen  0.09/turn              (no ring)

@: slowed, very slow
A: no striking features
a: Berserk, Renounce Religion


You were on level 2 of the Dungeon.
You worshipped Trog.
Trog was aware of your devotion.
You were not hungry.

You visited 1 branch of the dungeon, and saw 2 of its levels.

You collected 78 gold pieces.

Inventory:

Hand Weapons
 a - a +1 falchion (weapon)
Missiles
 d - 53 stones (quivered)
Armour
 b - a +1 animal skin (worn)
Jewellery
 e - a +2 ring of protection (left hand)
Scrolls
 f - 2 scrolls of enchant weapon
 i - a scroll of teleportation {unknown}
 j - a scroll of enchant armour
 l - a scroll of identify
 m - a scroll of remove curse {unknown}
Potions
 g - a potion of invisibility {unknown}
 h - a potion of might {unknown}
 k - a potion of degeneration {unknown}
Comestibles
 c - 2 rations


   Skills:
 + Level 3.5 Fighting
 + Level 3.9 Long Blades
 + Level 2.2 Armour
 + Level 2.2 Dodging
 + Level 1.3 Stealth


You had 3 spell levels left.
You didn't know any spells.
Your spell library was empty.

Dungeon Overview and Level Annotations

Branches:
Dungeon (2/15)

Altars:
Hepliaklqana
Nemelex Xobeh
Qazlal
Ru
Xom
Zin

Annotations:
D:2 Natasha


Message History

Natasha is severely wounded.
Natasha claws you.
The goblin unwields an uncursed club.
The goblin wields a hunting sling.
The goblin shoots a stone.
The stone hits you. Natasha claws you.
* * * LOW HITPOINT WARNING * * *
You hit Natasha but do no damage.
Natasha is severely wounded.
The goblin shoots a stone.
The stone closely misses you. Natasha closely misses you.
You riposte.
You barely miss Natasha.
Natasha is severely wounded.
Natasha mewls in sadness.
Natasha misses you.
You closely miss Natasha.
Natasha is severely wounded.
Natasha claws you.
* * * LOW HITPOINT WARNING * * *
Natasha claws you but does no damage. The white imp spits at you.
Natasha claws you.
You die...

..##..##.#.# #.........
##5#P.###...# #.######..
#5#### ##.# #.# ### #g#
#.# #.# #.# #.# #.# #.#
#.# #†# ##.## #.# #.#
##### #...######.####.#
#....
#..g(5h@........####....
#...######...........###
##### #############


You could see Natasha, a white imp and a goblin.

Vanquished Creatures
  A hound zombie (D:2)
  2 adders (D:2)
  An ooze (D:1)
  A dart slug (D:2)
  2 leopard geckos (D:2)
  6 goblins
  5 hobgoblins (D:2)
  2 kobolds
  4 bats
  2 frilled lizards (D:2)
  A rat (D:2)
27 creatures vanquished.

Notes
Turn   | Place    | Note
-------+----------+-------------------------------------------
     0 | D:1      | saradell the Human Berserker began the quest for the Orb.
     0 | D:1      | Reached XP level 1. HP: 18/18 MP: 1/1
   538 | D:1      | Reached XP level 2. HP: 21/24 MP: 2/2
   819 | D:2      | Found a shimmering altar of Xom.
   820 | D:2      | Found a hazy altar of Hepliaklqana.
   820 | D:2      | Found a sacrificial altar of Ru.
   876 | D:2      | Found a stormy altar of Qazlal.
   876 | D:2      | Noticed an air elemental
   879 | D:2      | Noticed a water elemental
   879 | D:2      | Noticed a fire elemental
   879 | D:2      | Noticed an earth elemental
   938 | D:2      | Reached XP level 3. HP: 8/29 MP: 3/3
  1279 | D:2      | Reached skill level 1 in Stealth
  1483 | D:2      | Reached XP level 4. HP: 29/35 MP: 4/4
  1494 | D:2      | Found a sparkling altar of Nemelex Xobeh.
  1567 | D:2      | Reached ** piety under Trog
  1811 | D:2      | Found a glowing silver altar of Zin.
  1811 | D:2      | Noticed an angel
  2024 | D:2      | Noticed Natasha
  2058 | D:2      | Slain by Natasha

Vault maps used:
D:1:      evilmike_arrival_rings
D:2:      cheibrodos_greedy_goblins, nemelex_xobeh_ov_fountains_minmay,
          gammafunk_temple_overflow_forgotten, zin_angel,
          nicolae_qazlal_style_of_elements, uniq_natasha

Skill      XL: |  1  2  3 |
---------------+----------+-----
Stealth        | 1 |  1.3
Fighting       | |  3.5
Long Blades    | |  3.9
Armour         | |  2.2
Dodging        | |  2.2

Action                   |  1- 3 |  4- 6 || total
-------------------------+-------+-------++-------
Melee: Falchion          |    49 |    45 ||    94
  Use: Scroll            |       |     3 ||     3
       Potion            |       |     1 ||     1
 Stab: Sleeping          |       |     2 ||     2
  Eat: Ration            |     1 |       ||     1
Armor: Animal skin       |     2 |    12 ||    14
Dodge: Dodged            |    30 |    31 ||    61
       Rpst.: Falchion   |    12 |     8 ||    20

Table legend:
 A = Spawn XP
 B = Non-spawn XP
 C = Spawn XP percentage of total XP
 D = Spawn monster count
 E = Non-spawn monster count
 F = Spawn count percentage of total count
 G = Total turns spent on level
                    A         B        C        D         E        F      G
               +---------+---------+-------+---------+---------+-------+---------
         Total |       0 |      96 |   0.0 |       0 |      27 |   0.0 |  2058
               +---------+---------+-------+---------+---------+-------+---------
           D:1 |       0 |      12 |   0.0 |       0 |       4 |   0.0 |   803
           D:2 |       0 |      84 |   0.0 |       0 |      23 |   0.0 |  1255
               +---------+---------+-------+---------+---------+-------+---------
